 Dungeon Crawl Stone Soup version 0.30-a0-585-g93115170b9 (webtiles) character file.

Game seed: 9099596354706023859

1035 Newt the Trooper (level 8, -10/67 HPs)
             Began as a Demonspawn Gladiator on Jan 2, 2023.
             Blown up by a gnoll (20 damage)
             ... with a mindburst bolt
             ... on level 4 of the Dungeon.
             The game lasted 00:05:46 (3952 turns).

Newt the Trooper (Demonspawn Gladiator)             Turns: 3952, Time: 00:05:47

Health: -10/67     AC:  7    Str: 17    XL:     8   Next: 3%
Magic:  8/8        EV: 19    Int:  9    God:
Gold:   168        SH:  0    Dex: 21    Spells: 7/7 levels left

rFire   . . .      SeeInvis .    p - +2 dagger (venom)
rCold   . . .      Faith    .    (no shield)
rNeg    . . .      Spirit   .    b - +0 leather armour
rPois   .          Reflect  .    c - +0 helmet
rElec   .          Harm     .    (no cloak)
rCorr   .          Rampage  .    (no gloves)
Will    .....                    h - +0 pair of boots
Stlth   ++                       (no amulet)
HPRegen 0.31/turn                k - +5 ring of evasion
MPRegen 0.11/turn                m - +6 ring of dexterity

@: no status effects
A: hooves 1, rugged brown scales 2, powered by pain 1
a: no special abilities


You were on level 4 of the Dungeon.
You visited 1 branch of the dungeon, and saw 4 of its levels.

You collected 168 gold pieces.

Inventory:

Hand Weapons
 a - a +0 rapier
 p - a +2 dagger of venom (weapon)
 q - a +2 dagger of flaming
Missiles
 d - a throwing net (quivered)
 e - a javelin
 t - 4 poisoned darts
Armour
 b - a +0 leather armour (worn)
 c - a +0 helmet (worn)
 h - a +0 pair of boots (worn)
Jewellery
 k - a +5 ring of evasion (left hand)
 m - a +6 ring of dexterity (right hand)
Wands
 r - a wand of flame (43)
Scrolls
 j - 2 scrolls of teleportation
Potions
 f - a potion of haste
 g - a potion of curing
 i - 3 potions of heal wounds
 l - a potion of brilliance
 n - a potion of might
 o - a potion of flight
 s - a potion of attraction
 z - 2 potions of mutation {unknown}


   Skills:
 - Level 6.0 Fighting
 + Level 5.1 Short Blades
 - Level 1.7 Throwing
 - Level 4.0 Dodging
 - Level 3.0 Stealth
 - Level 3.0 Evocations


You had 7 spell levels left.
You didn't know any spells.
Your spell library contained the following spells:

 Spells                   Type           Power      Damage    Failure   Level
 Cigotuvi's Dreadful Rot  Necr/Pois/Air  0%         N/A       58%         2
 Poisonous Vapours        Pois/Air       0%         N/A       58%         2
 Mephitic Cloud           Conj/Pois/Air  0%         N/A       83%         3


Dungeon Overview and Level Annotations

Branches:
Dungeon (4/15)
 Temple: D:4-7

Altars:
Xom

Annotations:
D:3 2 transporters
D:4 1 transporter, Iich's ghost, amateur MiGl


Innate Abilities, Weirdness & Mutations

You have large cloven feet.
You are mostly covered in rugged brown scales. (AC +2, +5% HP)
You sometimes gain a little power by taking damage.


Message History

The gnoll shouts!
You hit the gnoll but do no damage. Your punch misses the gnoll.
The gnoll is heavily wounded.
You feel sick.
The gnoll hits you with a +1 halberd of venom!
You are more poisoned.
The gnoll closely misses you.
You hit the gnoll.
You kill the gnoll!
You feel very sick. The gnoll closely misses you.
The gnoll zaps a wand.
You struggle to resist.
You hit the gnoll.
The gnoll looks as sick as possible!
The gnoll is severely wounded.
You feel very sick.
You hit the gnoll.
The gnoll looks as sick as possible!
The gnoll is almost dead.
You feel very sick.
You kill the gnoll!
You feel better.
Throw: 2 throwing nets
Press: ? - help, Q - select action, (/) - cycle Shift-Dir - straight line, f - gnoll
Aim: a gnoll, wielding a +0 spear and carrying a wand of mindburst (3) (69% to hit)
You throw a throwing net. The throwing net hits the gnoll.
The gnoll is caught in the net!
The ball python hisses angrily.
The gnoll struggles against the net.
The gnoll sergeant hits you from afar with the +9 trident of the Harvest {elec, +Blink rC++ Str+2 Stlth-}!
The gnoll bouda barks out a call to the hunt!
The gnolls pick up the pace!
The gnoll zaps a wand.
Your mind is blasted!
The gnoll struggles against the net.
You hit the gnoll.
The gnoll is poisoned.
The gnoll is heavily wounded.
The gnoll sergeant hits you from afar with the +9 trident of the Harvest {elec, +Blink rC++ Str+2 Stlth-}.
* * * LOW HITPOINT WARNING * * *
You are electrocuted!
* * * LOW HITPOINT WARNING * * *
The gnoll bouda barks out a call to the hunt!
The gnoll zaps a wand.
Your mind is blasted!
You die...

###.≈≈≈≈≈≈≈≈≈≈≈...≈≈≈≈≈≈≈≈≈≈≈..#
#.≈≈≈≈≈≈≈≈≈≈≈...≈≈≈≈≈≈≈≈≈≈≈..#
#.≈≈#####...........#####≈≈..# #
#.≈≈#$8g#.###.©.###.#.8.#≈≈..# #
#.≈≈#...###g#####g###...#≈≈..# #
#.≈≈###...g..g........###≈≈.##
#.≈≈.8#.##'###'######.#8.≈≈.#
#.≈≈.##.#..g#.)8#g..#.##.≈≈.#
###.~~.#..'..Wg.@⌠#:..'..#.~~.#
....≈≈.##.#...#).8#...#.##.≈≈.#
.##.≈≈.8#.##'###'######.#8.≈≈.#
.##.≈≈###........g......###≈≈.#
.##.≈≈#...###.#####g###...#≈≈.#
.##.≈≈#.8.#.###.S.###.#.8.#≈≈.#
....≈≈#####...........#####≈≈.#
###.≈≈≈≈≈≈≈≈≈≈≈≈~≈≈≈≈≈≈≈≈≈≈≈≈.#
##.≈≈≈≈≈≈≈≈≈≈≈≈~≈≈≈≈≈≈≈≈≈≈≈≈.#


You could see a gnoll sergeant (swift), a gnoll bouda, Iich's ghost, 2 gnolls
and a ball python.

Vanquished Creatures
  Pikel (D:4)
  An orc warrior (D:3)
  4 lemures (D:4)
  3 scorpions (D:4)
  Jessica (D:2)
  Terence (D:2)
  An orc wizard (D:4)
  Natasha (D:2)
  Robin (D:2)
  6 gnolls
  4 adders
  3 worms (D:3)
  A dart slug (D:1)
  7 orcs
  5 ball pythons
  2 bats (D:2)
  9 endoplasms
  5 giant cockroaches
  12 goblins
  9 hobgoblins
  2 jackals (D:2)
  7 kobolds
  2 quokkas
  8 frilled lizards
  2 rats (D:3)
98 creatures vanquished.

Vanquished Creatures (others)
  23 plants (D:4)
23 creatures vanquished.

Grand Total: 121 creatures vanquished

Notes
Turn   | Place    | Note
-------+----------+-------------------------------------------
     0 | D:1      | Newt the Demonspawn Gladiator began the quest for the Orb.
     0 | D:1      | Reached XP level 1. HP: 16/16 MP: 1/1
    35 | D:1      | Reached skill level 1 in Stealth
   124 | D:1      | Gained mutation: You are partially covered in rugged brown
                  | scales. (AC +1, +3% HP) [demonic ancestry]
   124 | D:1      | Reached XP level 2. HP: 14/22 MP: 2/2
   413 | D:1      | Gained mutation: You have large cloven feet. [demonic
                  | ancestry]
   413 | D:1      | Reached XP level 3. HP: 14/27 MP: 3/3
   748 | D:2      | Noticed Jessica
   751 | D:2      | Killed Jessica
   873 | D:2      | Found a shimmering altar of Xom.
   874 | D:2      | Noticed Terence
   887 | D:2      | Killed Terence
   888 | D:2      | Reached skill level 3 in Fighting
   888 | D:2      | Gained mutation: You are mostly covered in rugged brown
                  | scales. (AC +2, +5% HP) [demonic ancestry]
   888 | D:2      | Reached XP level 4. HP: 18/36 MP: 4/4
  1303 | D:2      | Noticed Robin
  1317 | D:2      | Killed Robin
  1327 | D:2      | Reached skill level 4 in Fighting
  1735 | D:3      | Noticed Natasha
  1751 | D:2      | Reached XP level 5. HP: 26/44 MP: 5/5
  1751 | D:2      | Killed Natasha
  2149 | D:3      | Found a transporter.
  2165 | D:3      | Found a transporter.
  2624 | D:4      | Reached skill level 1 in Evocations
  2624 | D:4      | Reached XP level 6. HP: 50/50 MP: 6/6
  2656 | D:4      | Noticed an orc warrior
  2699 | D:3      | Killed an orc warrior
  2999 | D:4      | Noticed Pikel
  3017 | D:4      | Killed Pikel
  3018 | D:4      | Reached skill level 6 in Fighting
  3018 | D:4      | Gained mutation: You sometimes gain a little power by
                  | taking damage. [demonic ancestry]
  3018 | D:4      | Reached XP level 7. HP: 23/60 MP: 7/7
  3321 | D:4      | Identified the +9 trident of the Harvest {elec, +Blink rC++
                  | Str+2 Stlth-}
  3497 | D:4      | Reached XP level 8. HP: 67/67 MP: 8/8
  3506 | D:4      | Found a transporter.
  3529 | D:4      | Found a transporter.
  3537 | D:4      | Noticed Iich's ghost (amateur MiGl)
  3641 | D:4      | Reached skill level 5 in Short Blades
  3952 | D:4      | Blown up by a gnoll

Illustrated notes

Levels and vault maps discovered:
D:1:      giann_bridges, layout_basic
D:2:      layout_basic, basic_altar, minmay_quadrilaterals, uniq_terence,
          uniq_robin, uniq_jessica
D:3:      gammafunk_steamed_eel, layout_basic, uniq_natasha
D:4:      layout_loops_ring, gammafunk_ghost_gnarly_gnolls, serial_bayou_pond_c,
          minmay_misc_feat_square, grunt_ministairs_10, columned_hall_lemuel,
          uniq_pikel

Skill      XL: |  1  2  3  4  5  6  7  8 |
---------------+-------------------------+-----
Stealth        | 1 2 3 |  3.0
Fighting       | 3 4 6 |  6.0
Short Blades   | 4 5 |  5.1
Evocations     | 1 3 |  3.0
Dodging        | 4 |  4.0
Throwing       | |  1.7

Action                   |  1- 3 |  4- 6 |  7- 9 || total
-------------------------+-------+-------+-------++-------
Melee: Rapier            |   115 |    40 |       ||   155
       Kick              |    10 |     9 |       ||    19
       Dagger            |       |   167 |    29 ||   196
       Punch             |       |     1 |       ||     1
Throw: Javelin           |     1 |       |       ||     1
       Throwing net      |       |     3 |     1 ||     4
  Use: Scroll            |     1 |     3 |     5 ||     9
       Potion            |     1 |     1 |     1 ||     3
 Stab: Sleeping          |     1 |     8 |     3 ||    12
       Distracted        |     1 |       |     1 ||     2
Armor: Leather armour    |    32 |    36 |     2 ||    70
Dodge: Dodged            |    88 |   176 |    15 ||   279

Table legend: (Time is in decaauts)
 A = Elapsed time spent in this place.
 B = Non-inter-level travel time spent in this place.
 C = Inter-level travel time spent in this place.
 D = Time resting spent in this place.
 E = Time spent auto-exploring this place.
 F = Levels seen in this place.
 G = Mean time per level.
                   A        B        C        D        E       F      G
               +--------+--------+--------+--------+--------+-----+--------+
         Total |   3930 |   3702 |    228 |    443 |   2530 |   4 |  982.5 |
       Dungeon |   3930 |   3702 |    228 |    443 |   2530 |   4 |  982.5 |
               +--------+--------+--------+--------+--------+-----+--------+

Top non-repeatable levels by time:
     D:4: 1126 daAuts
     D:3: 1042 daAuts
     D:2: 1006 daAuts
     D:1: 754 daAuts
